 Dungeon Crawl Stone Soup version 0.24-a0-284-g9fb9971 (webtiles) character file.

Game seed: 16268518665276922376

9 mhoghedin the Insei (level 1, 0/15 HPs)
             Began as a Demigod Transmuter on May 4, 2019.
             Slain by a goblin
             ... wielding a +0 club
              (5 damage)
             ... on level 1 of the Dungeon.
             The game lasted 00:00:49 (309 turns).

mhoghedin the Insei (Demigod Transmuter)             Turns: 309, Time: 00:00:50

Health: 0/15       AC:  2    Str: 18    XL:     1   Next: 86%
Magic:  5/5        EV: 12    Int: 17    God:
Gold:   10         SH:  0    Dex: 16    Spells: 2/3 levels left

rFire    . . .     SeeInvis .   e - +0 spear
rCold    . . .     Gourm    .   (no shield)
rNeg     . . .     Faith    .   b - +0 robe
rPois    .         Spirit   .   (no helmet)
rElec    .         Reflect  .   (no cloak)
rCorr    .         Harm     .   (no gloves)
MR       .....                  (no boots)
Stlth    +.........             (no amulet)
HPRegen  0.05/turn              (no ring)
MPRegen  0.09/turn              (no ring)

@: mighty, appendage (expiring)
A: horns 2, high mp 1
a: End Transformation


You were on level 1 of the Dungeon.
You were not hungry.
You had grown temporary horns.
You visited 1 branch of the dungeon, and saw 1 of its levels.

You collected 10 gold pieces.

Inventory:

Hand Weapons
 e - a +0 spear (weapon)
   (You found it on level 1 of the Dungeon)
Missiles
 a - 12 arrows
Armour
 b - a +0 robe (worn)
 g - a +0 buckler
   (You found it on level 1 of the Dungeon)
Scrolls
 f - a scroll of identify
Comestibles
 d - a ration


   Skills:
 - Level 0.8 Fighting
 - Level 1.7 Dodging
 + Level 3.2 Unarmed Combat
 - Level 1.7 Spellcasting
 - Level 1.7 Transmutations


You had 2 spell levels left.
You knew the following spells:

 Your Spells              Type           Power        Failure   Level  Hunger
a - Beastly Appendage     Tmut           #.....       10%         1    #......

Your spell library contained the following spells:

 Spells                   Type           Power        Failure   Level  Hunger
 Sticks to Snakes         Tmut           #.......     14%         2    ###....
 Spider Form              Tmut/Pois      #.........   38%         3    ###....
 Ice Form                 Ice/Tmut       #.......     80%         4    #####..
 Blade Hands              Tmut           #.........   95%         5    ######.


Dungeon Overview and Level Annotations

Branches:
Dungeon (1/15)


Innate Abilities, Weirdness & Mutations

You have an increased reservoir of magic. (+10% MP)
You have a pair of horns on your head.


Message History

You hit the rat but do no damage. The rat bites you.
You take 2 damage, and have 11/15 hp.
You hit the rat.
You kill the rat!
You see here a rat corpse.
c - a red potion MP restored: 5 Your talons disappear.
You now have 10 gold pieces.
e - a spear Wield which item (- for none, * to show all)? (? for menu, Esc to quit)
e - a +0 spear (weapon)
A hobgoblin comes into view.
A bat comes into view.
The bat moves out of view.
The bat hits you but does no damage.
Your feet morph into talons.
The bat hits you.
You take 1 damage, and have 11/15 hp.
You now have 4/5 mp.
You barely miss the bat. The bat hits you but does no damage.
The bat closely misses you.
You barely miss the bat. Your kick misses the bat. The bat barely misses you.
You closely miss the hobgoblin. The bat barely misses you.
The bat closely misses you.
The hobgoblin hits you but does no damage.
You hit the hobgoblin. Your kick misses the hobgoblin.
Your punch misses the hobgoblin. The bat hits you but does no damage.
The hobgoblin barely misses you.
You closely miss the hobgoblin. Your kick misses the hobgoblin.
The bat barely misses you. The hobgoblin closely misses you.
You closely miss the hobgoblin. Your kick misses the hobgoblin.
The bat hits you but does no damage. The hobgoblin hits you.
You take 4 damage, and have 7/15 hp.
MASSIVE DAMAGE!!
You hit the hobgoblin. You claw the hobgoblin.
You kill the hobgoblin!
Your transformation is almost over.
The bat hits you but does no damage. x2
You barely miss the bat. The bat hits you but does no damage.
The bat barely misses you. The bat misses you.
You hit the bat. Your kick misses the bat. The bat barely misses you.
The bat completely misses you.
MP restored: 5 You hit the bat.
Your kick misses the bat. The bat hits you but does no damage.
You hit the bat but do no damage. The bat misses you.
Attack whom?
Aim: a bat (severely wounded)
You reach to attack!
You barely miss the bat. The bat closely misses you. The bat barely misses you.
Attack whom?
Aim: a bat (severely wounded)
You barely miss the bat. The bat hits you.
You take 1 damage, and have 6/15 hp.
Attack whom?
Aim: a bat (severely wounded)
You reach to attack!
You hit the bat.
You kill the bat!
Your Unarmed Combat skill increases to level 3!
Your talons disappear.
You start resting.
Health restored: 15
f - a scroll labeled ZENAOSMOTTUE
f - 2 scrolls labeled ZENAOSMOTTUE (gained 1)
A leopard gecko comes into view.
The leopard gecko hisses angrily.
You hear a shout! x2
You grow a pair of large bovine horns.
A goblin comes into view. It is wielding a +0 club.
You now have 4/5 mp.
An ooze comes into view.
The leopard gecko misses you.
A bat comes into view.
A kobold comes into view. It is wielding a +0 short sword.
The leopard gecko closely misses you. The goblin hits you with a +0 club.
You see here a buckler.
You take 2 damage, and have 13/15 hp.
g - a buckler The leopard gecko barely misses you.
The goblin closely misses you. The leopard gecko bites you.
You take 4 damage, and have 9/15 hp.
MASSIVE DAMAGE!!
Your transformation is almost over.
The bat hits you.
You take 1 damage, and have 8/15 hp.
The bat hits you but does no damage.
You closely miss the bat. The bat hits you but does no damage.
MP restored: 5
As you read the scroll labeled ZENAOSMOTTUE, it crumbles to dust.
It is a scroll of identify.
c - a potion of might The ooze barely misses you.
You feel very mighty all of a sudden. The ooze closely misses you.
You hit the ooze. The ooze hits you.
You take 3 damage, and have 5/15 hp.
You puncture the ooze!
You kill the ooze!
The bat barely misses you.
You miss the bat. The bat hits you but does no damage.
The goblin hits you with a +0 club.
You die...

#...............#
#.............#.#
#...)...........#
#.........#...
#.............
######$............
.................##
#.####K...####.....#
#...@gl...# #######
#..#####..# #. #..#
# #..# ...# #K.#
#..# #..#


You could see a leopard gecko, a goblin and a kobold.

Vanquished Creatures
  An ooze (D:1)
  A bat (D:1)
  A hobgoblin (D:1)
  2 rats (D:1)
5 creatures vanquished.

Notes
Turn   | Place    | Note
-------+----------+-------------------------------------------
     0 | D:1      | mhoghedin the Demigod Transmuter began the quest for the
                  | Orb.
     0 | D:1      | Reached XP level 1. HP: 15/15 MP: 5/5
   108 | D:1      | Reached skill level 3 in Unarmed Combat
   309 | D:1      | Slain by a goblin

Levels and vault maps discovered:
D:1:      dpeg_arrival_signposts, layout_basic, minmay_split_cup_large

Skill      XL: |  1 |
---------------+----+-----
Unarmed Combat | 3 |  3.2
Fighting       | |  0.8
Dodging        | |  1.7
Spellcasting   | |  1.7
Transmutations | |  1.7

Action                   || total
-------------------------++-------
Melee: Spear             ||    18
       Unarmed           ||     6
       Kick              ||     3
 Cast: Beastly Appendage ||     4
  Use: Scroll            ||     1
       Potion            ||     1
Armor: Robe              ||    13
Dodge: Dodged            ||    24

Table legend:
 A = Non-vault XP
 B = Vault XP
 C = Vault XP percentage of total XP
 D = Non-vault monster count
 E = Vault monster count
 F = Vault count percentage of total count
                 A         B        C        D         E       F
            +---------+---------+-------+---------+---------+-------
      Total |       6 |       7 |  53.8 |       4 |       1 |  20.0
            +---------+---------+-------+---------+---------+-------
        D:1 |       6 |       7 |  53.8 |       4 |       1 |  20.0
            +---------+---------+-------+---------+---------+-------

Levels and vault maps discovered:
D:1:      dpeg_arrival_signposts, layout_basic, minmay_split_cup_large

Table legend:
 A = Turns spent in this place as a percentage of turns spent in the entire game.
 B = Non-inter-level travel turns spent in this place as a percentage of non-inter-level travel turns spent in the entire game.
 C = Inter-level travel turns spent in this place as a percentage of turns spent in this place.
 D = Turns resting spent in this place as a percentage of non-inter-level travel turns spent in this place.
 E = Turns spent auto-exploring this place as a percentage of non-inter-level travel turns spent in this place.
 F = Non-inter-level travel turns spent in this place divided by the number of levels of this place that you've seen.
                   A       B       C       D       E      F
               +-------+-------+-------+-------+-------+----------------------
         Total | 100.0 | 100.0 |   0.0 |  54.4 |  21.4 | 309.0
       Dungeon | 100.0 | 100.0 |   0.0 |  54.4 |  21.4 | 309.0
               +-------+-------+-------+-------+-------+----------------------

Table legend:
 A = Kills in this place as a percentage of kills in entire the game.
 B = Kills by you in this place as a percentage of kills by you in the entire game.
 C = Kills by friends in this place as a percentage of kills by friends in the entire game.
 D = Other kills in this place as a percentage of other kills in the entire game.
 E = Experience gained in this place as a percentage of experience gained in the entire game.
 F = Experience gained in this place divided by the number of levels of this place that you have seen.
                   A       B       C       D       E      F
               +-------+-------+-------+-------+-------+----------------------
         Total | 100.0 | 100.0 |   N/A |   N/A | 100.0 |  13.0
       Dungeon | 100.0 | 100.0 |   N/A |   N/A | 100.0 |  13.0
               +-------+-------+-------+-------+-------+----------------------
